[ AOE2 MATCH · #506315941 ]
UnrankedCumans vs Malians
Player's team · WIN
Rival team · LOSS
[ REPLAY ANALYSIS · EXTRACTED FROM THE RECORDED GAME ]
Feudal
8:42
Castle
22:51
Imperial
—
| APM avg | 55.4 |
| APM peak | 93 |
| eAPM avg | 27.0 |
| Villagers / military | 79 / 18 |
Focus
⚔️ 37.0% · 🌾 63.0%
Cavalry Archer ×12 · Kipchak ×6
Feudal
10:34
Castle
25:42
Imperial
—
| APM avg | 46.7 |
| APM peak | 82 |
| eAPM avg | 28.7 |
| Villagers / military | 108 / 110 |
Focus
⚔️ 35.7% · 🌾 64.3%
Militia ×95 · Gbeto ×15
Match map
Initial resources + every placement click. Lines = walls · curves = elevation contours. ◆ gold · ⬟ stone · ● berries · ✦ relic · ◌ wall gap
Your base· Open — 2t gap
Ripthepie's base· Open — unwalled flank
Smoothed initial terrain · ◌ = detected wall gap · hover for details
Inputs per minute
— Fs.TARTARUGA VELOZ - - Ripthepie
Build order — Fs.TARTARUGA VELOZ
First 150 of 176 actions detected
| 0:00 | Create | Villager (Male) |
| 0:00 | Create | Villager (Male) |
| 0:01 | Create | Villager (Male) |
| 0:02 | Build | House |
| 0:02 | Build | House |
| 0:07 | Create | Villager (Male) |
| 1:25 | Create | Villager (Male) |
| 1:59 | Create | Villager (Male) |
| 2:20 | Create | Villager (Male) |
| 2:21 | Create | Villager (Male) |
| 2:28 | Build | Lumber Camp |
| 2:42 | Create | Villager (Male) |
| 3:03 | Create | Villager (Male) |
| 3:30 | Create | Villager (Male) |
| 3:50 | Create | Villager (Male) |
| 4:17 | Build | Mill |
| 4:27 | Create | Villager (Male) |
| 4:28 | Research | Loom |
| 4:53 | Build | House |
| 5:03 | Create | Villager (Male) |
| 5:34 | Create | Villager (Male) |
| 5:35 | Create | Villager (Male) |
| 6:29 | Research | Feudal Age |
| 7:40 | Create | Villager (Male) |
| 7:56 | Create | Villager (Male) |
| 8:42 | Age | Feudal Age |
| 8:45 | Build | Town Center |
| 9:05 | Build | Palisade Wall |
| 9:08 | Build | Palisade Wall |
| 9:25 | Create | Villager (Male) |
| 9:28 | Research | Double-Bit Axe |
| 9:28 | Research | Horse Collar |
| 9:28 | Research | Horse Collar |
| 9:51 | Build | House |
| 10:15 | Create | Villager (Male) |
| 10:15 | Create | Villager (Male) |
| 10:22 | Create | Villager (Male) |
| 10:27 | Build | Palisade Wall |
| 10:28 | Create | Villager (Male) |
| 10:54 | Create | Villager (Male) |
| 11:02 | Build | House |
| 11:05 | Build | Palisade Wall |
| 11:12 | Build | Palisade Wall |
| 11:14 | Create | Villager (Male) |
| 11:21 | Create | Villager (Male) |
| 11:43 | Create | Villager (Male) |
| 11:44 | Create | Villager (Male) |
| 11:44 | Create | Villager (Male) |
| 12:03 | Build | Farm |
| 12:04 | Build | Farm |
| 12:07 | Build | Farm |
| 12:12 | Create | Villager (Male) |
| 12:27 | Build | Farm |
| 12:29 | Build | Farm |
| 12:29 | Create | Villager (Male) |
| 12:30 | Create | Villager (Male) |
| 12:30 | Create | Villager (Male) |
| 12:44 | Build | Farm |
| 12:55 | Build | House |
| 12:58 | Create | Villager (Male) |
| 12:58 | Create | Villager (Male) |
| 13:07 | Create | Villager (Male) |
| 13:08 | Create | Villager (Male) |
| 13:25 | Create | Villager (Male) |
| 13:36 | Build | Lumber Camp |
| 13:36 | Create | Villager (Male) |
| 13:57 | Build | Farm |
| 14:04 | Create | Villager (Male) |
| 14:04 | Create | Villager (Male) |
| 14:21 | Build | Farm |
| 14:21 | Create | Villager (Male) |
| 14:35 | Build | Watch Tower |
| 14:40 | Build | House |
| 15:00 | Build | House |
| 15:02 | Build | House |
| 15:07 | Create | Villager (Male) |
| 15:14 | Create | Villager (Male) |
| 15:27 | Build | Farm |
| 15:50 | Create | Villager (Male) |
| 15:54 | Create | Villager (Male) |
| 15:57 | Build | Farm |
| 15:59 | Build | Farm |
| 16:17 | Build | House |
| 16:18 | Build | Palisade Wall |
| 16:21 | Create | Villager (Male) |
| 16:22 | Create | Villager (Male) |
| 16:44 | Build | Farm |
| 16:46 | Create | Villager (Male) |
| 16:52 | Create | Villager (Male) |
| 16:52 | Create | Villager (Male) |
| 16:55 | Build | Palisade Wall |
| 17:07 | Create | Villager (Male) |
| 17:21 | Build | Market |
| 17:24 | Create | Villager (Male) |
| 17:31 | Build | Farm |
| 17:35 | Create | Villager (Male) |
| 17:38 | Build | House |
| 17:41 | Build | Palisade Wall |
| 18:00 | Build | Mining Camp |
| 18:00 | Create | Villager (Male) |
| 18:01 | Create | Villager (Male) |
| 18:16 | Create | Villager (Male) |
| 18:16 | Create | Villager (Male) |
| 18:21 | Build | Farm |
| 18:26 | Create | Villager (Male) |
| 18:29 | Create | Villager (Male) |
| 18:29 | Create | Villager (Male) |
| 18:29 | Create | Villager (Male) |
| 18:37 | Create | Villager (Male) |
| 18:37 | Create | Villager (Male) |
| 18:46 | Build | Blacksmith |
| 19:01 | Build | Farm |
| 19:09 | Research | Town Watch |
| 19:23 | Build | Outpost |
| 19:29 | Build | House |
| 19:31 | Build | House |
| 19:33 | Build | House |
| 20:11 | Research | Castle Age |
| 20:16 | Build | Palisade Wall |
| 20:19 | Build | Palisade Wall |
| 20:28 | Build | Watch Tower |
| 20:51 | Build | Watch Tower |
| 20:59 | Create | Villager (Male) |
| 21:00 | Create | Villager (Male) |
| 21:57 | Build | Barracks |
| 22:15 | Build | Mining Camp |
| 22:22 | Build | Mining Camp |
| 22:34 | Build | Archery Range |
| 22:51 | Age | Castle Age |
| 23:02 | Build | Archery Range |
| 23:06 | Research | Fletching |
| 23:06 | Research | Fletching |
| 23:12 | Create | Villager (Male) |
| 23:18 | Create | Cavalry Archer |
| 23:18 | Create | Cavalry Archer |
| 23:25 | Build | Watch Tower |
| 23:29 | Create | Cavalry Archer |
| 23:35 | Build | Palisade Wall |
| 23:40 | Build | House |
| 23:47 | Research | Bodkin Arrow |
| 24:02 | Create | Cavalry Archer |
| 24:21 | Create | Villager (Male) |
| 24:23 | Create | Villager (Male) |
| 24:50 | Create | Cavalry Archer |
| 24:50 | Create | Cavalry Archer |
| 25:09 | Create | Villager (Male) |
| 25:24 | Create | Cavalry Archer |
| 25:25 | Create | Villager (Male) |
| 25:28 | Research | Wheelbarrow |
| 25:35 | Create | Villager (Male) |
Build order — Ripthepie
First 150 of 315 actions detected
| 0:01 | Create | Villager (Male) |
| 0:02 | Create | Villager (Male) |
| 0:02 | Create | Villager (Male) |
| 0:02 | Create | Villager (Male) |
| 0:02 | Create | Villager (Male) |
| 0:02 | Create | Villager (Male) |
| 0:04 | Build | House |
| 0:05 | Build | House |
| 1:23 | Create | Villager (Male) |
| 1:24 | Create | Villager (Male) |
| 1:54 | Build | Lumber Camp |
| 2:00 | Create | Villager (Male) |
| 2:01 | Create | Villager (Male) |
| 2:01 | Create | Villager (Male) |
| 2:14 | Create | Villager (Male) |
| 2:46 | Create | Villager (Male) |
| 2:46 | Create | Villager (Male) |
| 2:47 | Create | Villager (Male) |
| 3:02 | Create | Villager (Male) |
| 3:02 | Create | Villager (Male) |
| 3:03 | Create | Villager (Male) |
| 3:24 | Build | House |
| 3:46 | Create | Villager (Male) |
| 3:46 | Create | Villager (Male) |
| 3:46 | Create | Villager (Male) |
| 3:46 | Create | Villager (Male) |
| 4:16 | Create | Villager (Male) |
| 4:16 | Create | Villager (Male) |
| 4:16 | Create | Villager (Male) |
| 4:42 | Create | Villager (Male) |
| 4:42 | Create | Villager (Male) |
| 5:04 | Create | Villager (Male) |
| 5:04 | Create | Villager (Male) |
| 5:13 | Build | Barracks |
| 5:27 | Build | House |
| 5:43 | Create | Villager (Male) |
| 6:01 | Create | Villager (Male) |
| 6:02 | Research | Loom |
| 6:03 | Research | Loom |
| 6:03 | Research | Loom |
| 6:07 | Build | Palisade Wall |
| 6:08 | Build | Palisade Wall |
| 6:27 | Build | Mill |
| 6:41 | Build | House |
| 6:42 | Create | Militia |
| 6:42 | Create | Militia |
| 6:43 | Create | Militia |
| 6:43 | Create | Militia |
| 6:51 | Create | Villager (Male) |
| 6:52 | Research | Loom |
| 7:30 | Build | Mill |
| 7:36 | Create | Militia |
| 7:47 | Create | Villager (Male) |
| 8:24 | Research | Feudal Age |
| 8:24 | Research | Feudal Age |
| 8:25 | Research | Feudal Age |
| 8:30 | Build | Mining Camp |
| 9:07 | Create | Militia |
| 9:07 | Create | Militia |
| 9:08 | Create | Militia |
| 9:34 | Create | Villager (Male) |
| 9:34 | Create | Villager (Male) |
| 9:35 | Create | Militia |
| 9:36 | Create | Militia |
| 9:36 | Create | Militia |
| 9:53 | Build | House |
| 10:20 | Build | Farm |
| 10:21 | Build | Farm |
| 10:24 | Build | Farm |
| 10:24 | Build | Farm |
| 10:24 | Build | Farm |
| 10:34 | Age | Feudal Age |
| 10:35 | Research | Man-at-Arms (upgrade) |
| 10:36 | Create | Villager (Male) |
| 10:44 | Build | Watch Tower |
| 10:46 | Build | Stone Wall |
| 10:47 | Build | Stone Wall |
| 10:52 | Create | Militia |
| 10:52 | Create | Militia |
| 10:53 | Create | Militia |
| 11:12 | Create | Villager (Male) |
| 11:12 | Create | Villager (Male) |
| 11:13 | Create | Villager (Male) |
| 11:13 | Create | Villager (Male) |
| 11:13 | Create | Villager (Male) |
| 11:20 | Create | Militia |
| 11:21 | Create | Militia |
| 11:21 | Create | Militia |
| 11:21 | Create | Militia |
| 11:42 | Build | Farm |
| 11:42 | Build | Farm |
| 11:44 | Create | Villager (Male) |
| 11:44 | Create | Villager (Male) |
| 12:13 | Create | Militia |
| 12:13 | Create | Militia |
| 12:13 | Create | Militia |
| 12:20 | Create | Villager (Male) |
| 12:21 | Create | Villager (Male) |
| 12:22 | Build | House |
| 12:25 | Build | House |
| 12:30 | Build | Farm |
| 12:30 | Build | Farm |
| 12:31 | Create | Villager (Male) |
| 12:32 | Create | Villager (Male) |
| 12:32 | Create | Villager (Male) |
| 12:35 | Build | House |
| 12:36 | Build | House |
| 12:47 | Create | Villager (Male) |
| 12:47 | Create | Villager (Male) |
| 12:50 | Build | Farm |
| 12:57 | Build | Farm |
| 13:14 | Create | Militia |
| 13:14 | Create | Militia |
| 13:15 | Create | Militia |
| 13:33 | Build | Farm |
| 13:34 | Create | Villager (Male) |
| 13:34 | Create | Villager (Male) |
| 13:37 | Create | Militia |
| 13:38 | Create | Militia |
| 13:52 | Create | Villager (Male) |
| 13:53 | Create | Villager (Male) |
| 14:00 | Build | Barracks |
| 14:29 | Create | Villager (Male) |
| 14:33 | Create | Militia |
| 14:33 | Create | Militia |
| 14:38 | Research | Arson |
| 14:38 | Research | Arson |
| 14:38 | Research | Arson |
| 14:42 | Create | Militia |
| 14:42 | Create | Militia |
| 14:42 | Create | Militia |
| 14:45 | Create | Villager (Male) |
| 14:46 | Create | Villager (Male) |
| 14:49 | Build | Blacksmith |
| 15:06 | Create | Militia |
| 15:06 | Create | Militia |
| 15:13 | Create | Militia |
| 15:14 | Create | Militia |
| 15:18 | Create | Villager (Male) |
| 15:18 | Create | Villager (Male) |
| 15:23 | Build | Farm |
| 15:23 | Build | Farm |
| 15:40 | Research | Scale Mail Armor |
| 15:40 | Research | Scale Mail Armor |
| 15:40 | Research | Scale Mail Armor |
| 15:51 | Create | Militia |
| 15:54 | Build | Farm |
| 15:55 | Build | Farm |
| 15:55 | Build | Farm |
| 15:55 | Build | Farm |
Match timeline
| 5:13 | Ripthepie · first_building Barracks |
| 6:07 | Ripthepie · wall_segment Palisade Wall x1 |
| 6:08 | Ripthepie · wall_segment Palisade Wall x1 |
| 8:42 | Fs.TARTARUGA VELOZ · age_up feudal |
| 9:05 | Fs.TARTARUGA VELOZ · wall_segment Palisade Wall x1 |
| 9:08 | Fs.TARTARUGA VELOZ · wall_segment Palisade Wall x1 |
| 10:27 | Fs.TARTARUGA VELOZ · wall_segment Palisade Wall x5 |
| 10:34 | Ripthepie · age_up feudal |
| 10:46 | Ripthepie · wall_segment Stone Wall x3 |
| 10:47 | Ripthepie · wall_segment Stone Wall x2 |
| 11:05 | Fs.TARTARUGA VELOZ · wall_segment Palisade Wall x1 |
| 11:12 | Fs.TARTARUGA VELOZ · wall_segment Palisade Wall x1 |
| 16:18 | Fs.TARTARUGA VELOZ · wall_segment Palisade Wall x1 |
| 16:55 | Fs.TARTARUGA VELOZ · wall_segment Palisade Wall x2 |
| 17:41 | Fs.TARTARUGA VELOZ · wall_segment Palisade Wall x2 |
| 18:06 | Fs.TARTARUGA VELOZ · first_market_buy 500 food |
| 19:15 | Fs.TARTARUGA VELOZ · first_market_sell 100 stone |
| 20:16 | Fs.TARTARUGA VELOZ · wall_segment Palisade Wall x1 |
| 20:19 | Fs.TARTARUGA VELOZ · wall_segment Palisade Wall x3 |
| 21:57 | Fs.TARTARUGA VELOZ · first_building Barracks |
| 22:11 | Ripthepie · first_market_buy 100 food |
| 22:22 | Ripthepie · first_market_sell 100 wood |
| 22:34 | Fs.TARTARUGA VELOZ · first_building Archery Range |
| 22:51 | Fs.TARTARUGA VELOZ · age_up castle |
| 23:35 | Fs.TARTARUGA VELOZ · wall_segment Palisade Wall x1 |
| 25:42 | Ripthepie · age_up castle |
| 25:51 | Ripthepie · first_building Castle |
| 28:26 | Fs.TARTARUGA VELOZ · first_building Castle |
| 31:07 | Ripthepie · resign |
[ AI ANALYSIS · 1 CREDIT ]
What really happened in this match?
Wolo.gg analyzes every decision: build order, eco, micro, common mistakes by bracket. Personalized analysis on WhatsApp or Discord in 30 seconds.
Civ guide
Cumans
Perfil
Jugador #10489189